Map: Sanctuary III LE

Players

Lambo

  • Race: Zerg Zerg
  • League: Grandmaster

A.I. 1 (Very Easy) - Winner!

  • Race: Terran Terran

VOD

Have the link to the VOD?

Description

Time

  • Played on: June 24, 2026, 4:04 p.m.
  • Length: 7:12
Show
View Real Time Build Order
Export as new Build Order

Lambo Zerg 

Build Orders: Hatch First 

Get SALT Encoding   

  8  0:00  Drone  
  9  0:10  Drone  
  10  0:16  Drone  
  11  0:23  Drone  
  12  0:33  Overlord  
  12  0:40  Extractor, Drone  
  13  0:51  Drone x2  
  15  0:58  Drone  
  16  1:15  Hatchery  
  15  1:19  Drone  
  15  1:22  Drone  
  17  1:26  Drone  
  18  1:36  Extractor  
  17  1:41  Spawning Pool  
  17  1:44  Drone  
  17  1:47  Drone  
  18  1:55  Drone  
  19  2:06  Overlord  
  19  2:15  Drone  
  20  2:25  Drone  
  20  2:27  Drone  
  20  2:28  Queen x2  
  26  2:34  Drone  
  27  2:37  Zergling x2  
  27  2:41  Metabolic Boost  
  28  2:47  Overlord  
  28  2:50  Drone  
  29  2:53  Drone  
  29  2:55  Drone  
  31  3:02  Drone  
  31  3:05  Drone  
  33  3:13  Hatchery  
  33  3:15  Drone  
  33  3:17  Drone  
  34  3:24  Drone, Overlord  
  35  3:30  Queen  
  35  3:32  Drone  
  38  3:35  Drone  
  38  3:40  Drone  
  40  3:42  Drone x2  
  40  3:44  Drone  
  40  3:45  Overlord  
  43  3:51  Queen  
  43  3:54  Drone  
  46  3:56  Drone  
  46  4:02  Spore Crawler  
  46  4:06  Queen, Drone x2  
  50  4:10  Spore Crawler  
  50  4:12  Overlord  
  49  4:17  Drone x2  
  49  4:18  Drone  
  49  4:21  Drone x2  
  54  4:26  Drone  
  54  4:29  Overlord  
  55  4:35  Drone x2  
  55  4:37  Overlord  
  59  4:38  Drone x2  
  59  4:41  Drone  
  59  4:43  Drone x2  
  62  4:46  Drone x2  
  62  4:50  Overlord  
  62  4:51  Drone x2  
  66  4:55  Drone  
  66  4:57  Extractor, Lair  
  66  4:59  Extractor  
  65  5:01  Roach Warren  
  65  5:02  Drone  
  65  5:06  Zergling x4  
  67  5:11  Zergling x6  
  67  5:12  Zergling x2  
  67  5:13  Drone  
  72  5:14  Drone x3  
  72  5:17  Drone x2, Extractor  
  72  5:19  Overlord  
  72  5:21  Drone  
  77  5:25  Drone x3  
  80  5:29  Overlord  
  80  5:31  Extractor  
  80  5:32  Evolution Chamber, Drone  
  80  5:33  Extractor, Drone  
  79  5:40  Drone x2  
  81  5:44  Hatchery  
  81  5:45  Drone x3  
  81  5:46  Drone  
  84  5:50  Drone x3  
  84  5:53  Drone x2  
  89  6:03  Roach x3  
  89  6:04  Roach  
  97  6:07  Spire  
  97  6:09  Roach  
  98  6:12  Roach  
  98  6:14  Overlord  
  98  6:16  Overlord  
  98  6:20  Overlord  
  98  6:23  Overlord  
  98  6:25  Overlord  
  98  6:29  Overlord  
  98  6:33  Roach x4  
  98  6:35  Overlord  
  98  6:36  Roach x3  
  112  6:41  Roach x3  
  112  6:42  Roach  
  112  6:46  Roach x2  
  124  6:49  Roach  
Show
View Real Time Build Order
Export as new Build Order

A.I. 1 (Very Easy) Terran - Winner!

Build Orders:  

Get SALT Encoding   

  8  0:00  SCV  
  9  0:13  SCV  
  10  0:25  SCV  
  11  0:37  SCV  
  12  0:46  Supply Depot  
  12  0:49  SCV  
  13  1:08  Refinery, SCV  
  13  1:11  Barracks  
  14  1:35  Supply Depot  
  14  1:43  Refinery  
  14  1:57  Orbital Command  
  14  1:58  Marine  
  15  2:23  SCV  
  15  2:29  Marine  
  17  2:35  SCV  
  18  2:47  SCV  
  19  2:59  SCV, Marine  
  21  3:11  SCV  
  22  3:13  Supply Depot  
  22  3:23  SCV  
  23  5:40  Marine, SCV  
  25  5:43  Supply Depot  
  25  5:45  Factory  
  25  5:52  SCV  
  26  6:04  SCV  
  26  6:12  Barracks Tech Lab  
  26  6:16  SCV  
  24  6:28  SCV  
  24  6:31  Marauder, Starport  
  26  6:41  SCV  
  27  6:53  SCV  
  27  7:01  Supply Depot  
  24  7:09  Starport Tech Lab  
Tags
 
Add a new tag
Caveats
  • Supply blocks, unpowered buildings, or Contaminate may cause inaccurate times.
  • Supply counts are checked every 10 seconds.